 Dungeon Crawl Stone Soup version bcrawl-1.12-8-g964540c432 (webtiles) character file.

Game seed: 11568769219850047203

3 MisterOstroum the Sneak (level 1, -9/15 HPs)
             Began as a Demonspawn Archaeologist on June 6, 2019.
             Mangled by a worm (10 damage)
             ... on level 1 of the Dungeon.
             The game lasted 00:01:45 (161 turns).

MisterOstroum the Sneak (Demonspawn Archaeologist)   Turns: 161, Time: 00:01:46

Health: -9/15      AC:  8    Str: 11    XL:     1   Next: 41%
Magic:  1/1        EV: 12    Int: 15    God:
Gold:   6          SH:  0    Dex: 11    Spells: 0/0 levels left

rFire    . . .     SeeInvis .   h - +0 dagger
rCold    . . .     Gourm    .   (no shield)
rNeg     . . .     Faith    .   a - +1 robe
rPois    .         Spirit   .   b - +1 hat
rElec    .         Reflect  .   (no cloak)
rCorr    .         Harm     .   d - +1 pair of gloves
MR       .....                  c - +1 pair of boots
Stlth    ++........             (no amulet)
HPRegen  0.05/turn              (no ring)
MPRegen  0.07/turn              (no ring)

@: no status effects
A: no striking features
a: no special abilities


You were on level 1 of the Dungeon.
You were not hungry.

You visited 1 branch of the dungeon, and saw 1 of its levels.

You collected 6 gold pieces.

Inventory:

Hand Weapons
 h - a +0 dagger (weapon)
Armour
 a - a +1 robe (worn)
 b - a +1 hat (worn)
 c - a +1 pair of boots (worn)
 d - a +1 pair of gloves (worn)
 j - a +0 buckler
Potions
 i - a potion of mutation {unknown}
Miscellaneous
 f - an ancient crate
 g - a dusty tome
Comestibles
 e - 2 rations {!d}


   Skills:
 + Level 1.5 Fighting
 - Level 2.6 Dodging
 - Level 3.0 Stealth


You couldn't memorise any spells.
You didn't know any spells.
Your spell library was empty.

Dungeon Overview and Level Annotations

Branches:
Dungeon (1/12)

Altars:


Message History

There's a creature in the doorway!
There's a creature in the doorway!
There's a creature in the doorway!
There's a creature in the doorway!
There's a creature in the doorway!
There's a creature in the doorway!
There's a creature in the doorway!
There's a creature in the doorway!
There's a creature in the doorway!
There's a creature in the doorway!
There's a creature in the doorway!
There's a creature in the doorway!
Press: ? - help, v - describe, . - travel The floor.
Unknown command.
There is an open door here.
There is an open door here.
You closely miss the hobgoblin. The hobgoblin barely misses you.
You hit the hobgoblin but do no damage. The hobgoblin closely misses you.
You barely miss the hobgoblin. The hobgoblin closely misses you.
There is a staircase leading out of the dungeon here.
You open the door. The rat bites you but does no damage.
The goblin shouts!
The hobgoblin hits you but does no damage.
There is an open door here.
There is an open door here.
There is an open door here.
There's a creature in the doorway!
You hit the rat.
You kill the rat!
You see here a buckler.
j - a buckler You see here 2 scrolls labeled EMARGH HOMU.
You open the door.
A bat and 3 jackals come into view.
The jackal barks!
You hear a bark!
You hear a shout!
A jackal comes into view.
The jackal barks!
Found 13 gold pieces and 243 stones.
A rat and a hobgoblin come into view.
The hobgoblin shouts!
The jackal barks!
The jackal closely misses you.
There is an open door here.
The hobgoblin completely misses you. The jackal barely misses you.
The goblin hits you but does no damage. The goblin closely misses you.
The goblin closely misses you. The goblin barely misses you.
The goblin hits you. The jackal barely misses you.
The jackal closely misses you.
You barely miss the jackal.
The jackal bites you but does no damage.
The jackal closely misses you.
You hit the worm.
The worm is lightly wounded.
The jackal misses you. The worm barely misses you.
The jackal closely misses you.
You hit the worm.
The worm is moderately wounded.
The jackal misses you. The worm bites you.
You aren't carrying any scrolls.
You hit the worm.
The worm is moderately wounded.
The jackal bites you but does no damage.
The jackal barely misses you.
You hit the worm.
The worm is heavily wounded.
The jackal closely misses you. The worm barely misses you.
You hit the worm.
The worm is heavily wounded.
The jackal bites you but does no damage.
You hit the worm but do no damage.
The worm is heavily wounded.
The jackal barely misses you. The worm bites you.
* * * LOW HITPOINT WARNING * * *
The jackal bites you but does no damage.
You hit the worm.
The worm is heavily wounded.
The jackal bites you but does no damage.
The worm closely misses you.
You hit the worm but do no damage.
The worm is heavily wounded.
The jackal closely misses you. x2
You hit the worm.
The worm is severely wounded.
The jackal barely misses you. The worm bites you.
* * * LOW HITPOINT WARNING * * *
You hit the worm.
The worm is severely wounded.
The jackal completely misses you.
You hit the worm but do no damage.
The worm is severely wounded.
The jackal misses you. The worm bites you but does no damage.
The jackal bites you.
* * * LOW HITPOINT WARNING * * *
You hit the worm.
The worm is severely wounded.
The jackal misses you. The worm bites you!
Ouch! That really hurt!
You die...

.......#.# ..g...r....#
.##.g....# ###g##### .g...##g##
#..?....# #.##'##g# #.......# #
#†g.#g# #.......# #.<.#.# #####
#..gh...# # #...#.# #...#
#.......#
#.##'##.####...#######g.######
#....##....'...w@hbghhg........
#.......####...########..####.#
######### #...# ##.# #...# ...
##### .### .. #.


You could see a worm, 3 jackals, a hobgoblin, 2 goblins and a bat.

Vanquished Creatures
  A giant cockroach (D:1)
  A kobold (D:1)
  A rat (D:1)
3 creatures vanquished.

Notes
Turn   | Place    | Note
-------+----------+-------------------------------------------
     0 | D:1      | MisterOstroum the Demonspawn Archaeologist began the quest
                  | for the Orb.
     0 | D:1      | Reached XP level 1. HP: 15/15 MP: 1/1
   161 | D:1      | Mangled by a worm

Action                   || total
-------------------------++-------
Melee: Dagger            ||    23
       Unarmed           ||    12
 Stab: Sleeping          ||     1
Armor: Robe              ||    13
Dodge: Dodged            ||    33
